 Dungeon Crawl Stone Soup version 0.14-a0-1546-g4b4961f (webtiles) character file.

208 M4edhros the Ducker (level 5, -3/36 HPs)
             Began as an Octopode Chaos Knight on Dec 19, 2013.
             Was a Plaything of Xom.
             Killed by divine providence
             ... invoked by an orc priest
              (10 damage)
             ... on Level 3 of the Dungeon.
             The game lasted 00:01:13 (1397 turns).

M4edhros the Ducker (Octopode Chaos Knight)         Turns: 1397, Time: 00:01:14

HP  -3/36        AC  1     Str 12      XL: 5   Next: 16%
MP   5/5         EV 14     Int 15      God: Xom
Gold 75          SH  0     Dex 11      Spells:  0 memorised,  4 levels left

rFire  . . .     SeeInvis .     a - +0 spear (chaos)
rCold  . . .     Clarity  .     (no shield)
rNeg   . . .     Conserve .     (helmet restricted)
rPois  .         rCorr    .     (no amulet)
rElec  .         rRot     .     (no ring)
SustAb . .       Spirit   .     (no ring)
rMut   .         Warding  .     (no ring)
Saprov . . .     Stasis   .     (no ring)
                                (no ring)
                                (no ring)
                                (no ring)
                                (no ring)

@: confused, slightly resistant to hostile enchantments, unstealthy
A: almost no armour, amphibious, 8 rings, constrict 8, camouflage 1, gelatinous
body 1
a: Renounce Religion


You were on level 3 of the Dungeon.
You worshipped Xom.
You were a toy of Xom.
You were very hungry.

You visited 1 branch of the dungeon, and saw 3 of its levels.

You collected 75 gold pieces.

Inventory:

Hand weapons
 a - a +0,+0 spear of chaos (weapon)
Missiles
 e - 8 javelins (quivered)
Comestibles
 b - a royal jelly
 c - 5 bread rations
 j - a choko
Scrolls
 d - 4 scrolls of identify {unknown}
 g - a scroll of amnesia {unknown}
 h - a scroll of noise {unknown}
 i - a scroll of teleportation {unknown}
Potions
 f - a potion of heal wounds {unknown}


   Skills:
 - Level 3.0 Fighting
 - Level 3.2 Polearms
 + Level 5.2 Dodging


You had 4 spell levels left.
You didn't know any spells.

Dungeon Overview and Level Annotations

Branches:
Dungeon (3/16)

Altars:


Innate Abilities, Weirdness & Mutations

You cannot wear most types of armour.
You are amphibious.
You can wear up to eight rings at the same time.
You can use your tentacles to constrict many enemies at once.
Your skin changes colour to match your surroundings (Stlth).
Your rubbery body absorbs attacks (AC +1).


Message History

HP restored.
You are feeling very hungry.
You can't go down here!
(D) Dungeon
Where to? (Enter - D:2 @ (x,y), ? - help)
There is a stone staircase leading down here.
You climb downwards.
The orc priest calls down the wrath of Beogh upon you.
Something smites you!
There is a stone staircase leading up here.
There are monsters nearby!
Xom's power touches on you for a moment.
You are confused.
You are now a toy of Xom.
The rat bites you. The gnoll hits you with a flail!
* * * LOW HITPOINT WARNING * * *
The orc priest invokes the aid of Beogh against you.
Something smites you!
You die...
Xom laughs nastily!

####.######
#...g.<...#
............#
.#(...g..g.#
#.......o.#
#.?.......#
#....g..l.#
#.o.....g.#
#..b...r@.#
###########


You could see an orc priest, 4 gnolls, an orc, a hobgoblin, a bat, a giant newt
and a rat.

Vanquished Creatures
  An orc priest (D:2)
  Crazy Yiuf (D:2)
  2 adders (D:2)
  A worm (D:2)
  2 giant geckos
  An orc (D:2)
  8 bats
  5 giant cockroaches
  5 hobgoblins
  A quokka (D:2)
  4 giant newts
  8 goblins
  4 kobolds
  3 rats
46 creatures vanquished.

Notes
Turn   | Place    | Note
--------------------------------------------------------------
     0 | D:1      | M4edhros, the Octopode Chaos Knight, began the quest for the Orb.
     0 | D:1      | Reached XP level 1. HP: 16/16 MP: 1/1
     6 | D:1      | Noticed a hound
     6 | D:1      | Noticed a crocodile
     6 | D:1      | Noticed a polar bear
    77 | D:1      | XOM: divination: detect items
    87 | D:1      | Reached XP level 2. HP: 19/21 MP: 2/2
   108 | D:1      | XOM: divination: detect creatures
   343 | D:1      | XOM: noise
   449 | D:2      | Reached XP level 3. HP: 19/26 MP: 3/3
   514 | D:2      | XOM: silly message
   571 | D:2      | XOM: harmless Fire miscast
   582 | D:2      | Reached skill level 4 in Dodging
   784 | D:2      | Reached XP level 4. HP: 22/31 MP: 4/4
   986 | D:2      | Noticed Crazy Yiuf
   993 | D:2      | Killed Crazy Yiuf
  1273 | D:2      | Reached skill level 5 in Dodging
  1273 | D:2      | Reached XP level 5. HP: 23/36 MP: 5/5
  1397 | D:3      | XOM: mild Divn miscast
  1397 | D:3      | Killed from afar by an orc priest

Action                   |  1- 3 |  4- 6 || total
-------------------------+-------+-------++-------
Melee: Spear             |    77 |    26 ||   103
 Stab: Sleeping          |     2 |     1 ||     3
       Paralysed         |     4 |       ||     4
